 Dungeon Crawl Stone Soup version bcrawl-1.41.1 (webtiles) character file.

Game seed: 11534548279752453927

396052 Yshiel the Thaumaturge (level 11, -3/83 HPs)
             Began as a Gnoll Ice Elementalist on Apr 16, 2024.
             Was the Champion of Okawaru.
             Slain by Gastronok (13 damage)
             ... on level 1 of the Lair of Beasts.
             The game lasted 01:17:45 (9803 turns).

Yshiel the Thaumaturge (Gnoll Ice Elementalist)     Turns: 9803, Time: 01:17:46

Health: -3/83      AC: 15    Str: 10    XL:     11   Next: 76%
Magic:  23/32      EV: 17    Int: 19    God:    Okawaru [******]
Gold:   579        SH:  0    Dex: 18    Spells: 12/26 levels left

rFire    . . .     GDR:     34% x - +3 dagger (holy)
rCold    . . .     SeeInvis .   (no shield)
rNeg     . . .     Gourm    .   T - +0 troll leather armour
rPois    .         Faith    .   d - +2 helmet
rElec    .         Spirit   .   u - +0 cloak
rCorr    .         Reflect  .   (no gloves)
MR       .....                  (no boots)
Stlth    ++++......             B - amulet of regeneration (curse)
HPRegen  1.32/turn              f - +6 ring of protection
MPRegen  0.23/turn              Y - ring of magical power

@: slowed, very slow
A: distributed training, fangs 1, strong nose
a: Heroism, Finesse, Renounce Religion


You were on level 1 of the Lair of Beasts.
You worshipped Okawaru.
Okawaru was exalted by your worship.
You were not hungry.

You visited 3 branches of the dungeon, and saw 11 of its levels.
You also visited: Ossuary.

You collected 879 gold pieces.
You spent 300 gold pieces at shops.

Inventory:

Hand Weapons
 g - a +0 long sword of slicing
 m - a +1 dagger of freezing
 s - a cursed -1 club
 x - a +3 dagger of holy wrath (weapon)
 U - a +1 longbow of flaming
 V - a +1 dagger of venom
 W - a +1 vampiric dagger
Missiles
 k - 1683 arrows
 n - 2099 stones (quivered)
 r - 986 sling bullets
 t - 179 poisoned tomahawks
 v - 663 bolts
 w - 2 throwing nets {=f}
Armour
 a - a +0 robe
 d - a +2 helmet (worn)
 u - a +0 cloak (worn)
 T - a +0 troll leather armour (worn)
 X - the cursed +0 leather armour of Weirdness {Str+2}
   (You found it on level 1 of the Lair of Beasts)

   It affects your strength (+2).
   It has a curse placed upon it.
Magical Staves
 S - an uncursed staff of power {unknown}
Jewellery
 f - a +6 ring of protection (left hand)
 j - an uncursed ring of stealth
 B - a cursed amulet of regeneration (around neck)
 E - an uncursed ring of see invisible
 G - an uncursed ring of protection from fire
 R - an uncursed amulet of rage
 Y - a ring of magical power (right hand)
Wands
 c - a wand of iceblast (8)
 o - a wand of acid (7)
 p - a wand of random effects (14)
 Q - a wand of scattershot (6)
Scrolls
 b - 9 scrolls of remove curse
 i - 5 scrolls of identify
 l - 4 scrolls of teleportation
 q - a scroll of fog {unknown}
 y - a scroll of blinking {unknown}
 C - a scroll of fear {unknown}
 D - a scroll of vulnerability {unknown}
 H - a scroll of acquirement {unknown}
 L - 2 scrolls of amnesia
 P - a scroll of immolation
Potions
 h - 6 potions of curing
 z - a potion of berserk rage {unknown}
 A - a potion of invisibility {unknown}
 F - a potion of cancellation {unknown}
 I - 2 potions of flight
 J - 4 potions of lignification
 M - 3 potions of magic
 N - a potion of mutation {unknown}
 O - a potion of brilliance {unknown}
 Z - a potion of ambrosia {unknown}
Comestibles
 e - 20 rations {!d}
 K - 6 chunks of flesh


   Skills:
 + Level 6.5 Fighting
 + Level 6.5 Short Blades
 + Level 6.5 Long Blades
 + Level 6.5 Axes
 + Level 6.5 Maces & Flails
 + Level 6.5 Polearms
 + Level 6.5 Staves
 + Level 6.5 Slings
 + Level 6.5 Bows
 + Level 6.5 Crossbows
 + Level 6.5 Throwing
 + Level 6.5 Armour
 + Level 8.0 Dodging
 + Level 8.0 Stealth
 + Level 6.5 Shields
 + Level 6.5 Unarmed Combat
 + Level 8.3 Spellcasting
 + Level 5.8 Conjurations
 + Level 5.3 Hexes
 + Level 5.3 Charms
 + Level 5.3 Summonings
 + Level 5.3 Necromancy
 + Level 5.3 Translocations
 + Level 5.3 Transmutations
 + Level 5.3 Fire Magic
 + Level 7.8 Ice Magic
 + Level 5.3 Air Magic
 + Level 5.3 Earth Magic
 + Level 5.3 Poison Magic
 + Level 7.1 Invocations
 + Level 6.5 Evocations


You had 12 spell levels left.
You knew the following spells:

 Your Spells              Type           Power        Failure   Level  Hunger
a - Freeze                Ice            #####.       1%          1    None
b - Throw Frost           Conj/Ice       ####..       1%          2    None
c - Throw Icicle          Conj/Ice       ####....     7%          4    ###....
d - Ozocubu's Armour      Chrm/Ice       ####....     2%          3    None
e - Summon Ice Beast      Ice/Summ       ####....     8%          4    ###....

Your spell library contained the following spells:

 Spells                   Type           Power        Failure   Level  Hunger
 Summon Small Mammal      Summ           ####         1%          1    None
 Call Imp                 Summ           ####..       1%          2    None
 Call Canine Familiar     Summ           ####....     3%          3    None
 Ice Form                 Ice/Tmut       ####....     8%          4    ###....
 Bolt of Draining         Conj/Necr      ####......   30%         5    #####..
 Summon Lightning Spire   Summ/Air       ####....     34%         5    #####..
 Bolt of Cold             Conj/Ice       ####......   71%         6    ######.
 Iron Shot                Conj/Erth      ####......   86%         6    ######.
 Poison Arrow             Conj/Pois      ####......   86%         6    ######.


Dungeon Overview and Level Annotations

Branches:
Dungeon (9/12)             Temple (1/1) D:5            Lair (1/6) D:9
    Orc (0/1) D:8

Altars:
Ashenzari
Cheibriados
Dithmenos
Lugonu
Okawaru
Qazlal
Ru
Sif Muna
Trog
Vehumet
Wu Jian
Zin
The Shining One

Shops:
D:5 *   D:7 =(

Annotations:
Lair:1 Gastronok


Innate Abilities, Weirdness & Mutations

Your experience applies equally to all skills.
You have very sharp teeth.
Your uncanny sense of smell can sniff out nearby items.


Message History

Confirm with . or Enter, or press ? or * to list all spells.
Aiming: Freeze (safe; 1% risk of failure)
Press: ? - help, Shift-Dir - straight line, f/p - Gastronok
Aim: Gastronok, wearing a +0 hat (heavily wounded)
You freeze Gastronok!
Gastronok is severely wounded.
Gastronok's eyestalks quiver as he mumbles some strange words.
The quokka closely misses you. Gastronok bites you!!
Casting: Freeze (safe; 1% risk of failure)
Confirm with . or Enter, or press ? or * to list all spells.
Aiming: Freeze (safe; 1% risk of failure)
Press: ? - help, Shift-Dir - straight line, f/p - Gastronok
Aim: Gastronok, wearing a +0 hat (severely wounded)
You freeze Gastronok!
Gastronok is severely wounded.
The quokka bites you but does no damage.
Gastronok bites you!!
* * * LOW HITPOINT WARNING * * *
The quokka completely misses you. Gastronok bites you!
You die...

#.>(....$...# ##
#...........#
...#.>.......).#
.P.............#
#.............#
#.....S...H.#
#####(H##.#.
##w# #@.# ###r##
##...# ##....#
#..#### #.## #.#
##.# #..#


You could see Gastronok, a hippogriff, a water moccasin and a quokka.

Vanquished Creatures
  An ugly thing (D:8)
  Pikel (D:5)
  A wolf spider zombie (D:9)
  A manticore (D:8)
  A hornet (D:9)
  2 trolls
  A hippogriff (D:6)
  3 wraiths
  A wyvern (D:6)
  17 yaks
  Eustachio (D:6)
  A warg (D:8)
  A water moccasin (D:6)
  Duvessa (D:6)
  A sky beast (D:7)
  4 ice beasts
  7 orc warriors
  A hornet zombie (D:9)
  A black bear (D:8)
  2 phantoms
  3 wolves (D:9)
  9 ogres
  2 bullfrogs
  Blork the orc (D:6)
  A gnoll sergeant (D:3)
  Dowan (D:6)
  5 centaurs
  2 scorpions (D:4)
  7 killer bees
  8 wights
  9 orc priests
  3 howler monkeys
  An electric eel (D:9)
  2 crimson imps
  A bullfrog zombie (D:7)
  8 hounds
  A jelly (D:7)
  A bullfrog skeleton (D:6)
  2 iguanas
  6 orc wizards
  6 worker ants
  3 hound skeletons
  A worker ant zombie (D:8)
  A howler monkey zombie (D:5)
  3 gnolls (D:6)
  7 adders
  A shadow imp (Temple)
  An adder skeleton (D:7)
  A worm (D:2)
  A dart slug (D:1)
  7 leopard geckos
  65 orcs
  4 giant cockroaches
  6 goblins
  5 hobgoblins
  26 jackals
  6 quokkas
  A ball python (D:2)
  3 bats
  9 frilled lizards
  16 kobolds
  3 kobold zombies (Ossuary)
  5 orc skeletons (Ossuary)
  A quokka skeleton (D:6)
  A rat (D:1)
305 creatures vanquished.

Vanquished Creatures (others)
  A bullfrog skeleton (D:5)
  A plant (Lair:1)
2 creatures vanquished.

Grand Total: 307 creatures vanquished

Notes
Turn   | Place    | Note
-------+----------+-------------------------------------------
     0 | D:1      | Yshiel the Gnoll Ice Elementalist began the quest for the
                  | Orb.
     0 | D:1      | Reached XP level 1. HP: 13/13 MP: 6/6
    59 | D:1      | Reached XP level 2. HP: 18/19 MP: 2/7
   387 | D:1      | Reached XP level 3. HP: 25/25 MP: 9/9
   410 | D:1      | Reached skill level 5 in Spellcasting
   688 | D:2      | Reached skill level 1 in Invocations
   766 | D:2      | Found a sacrificial altar of Ru.
   766 | D:2      | Found an iron altar of Okawaru.
   771 | D:2      | Became a worshipper of Warmaster Okawaru
  1000 | D:2      | Reached skill level 1 in Fighting
  1000 | D:2      | Reached skill level 1 in Short Blades
  1000 | D:2      | Reached skill level 1 in Long Blades
  1000 | D:2      | Reached skill level 1 in Axes
  1000 | D:2      | Reached skill level 1 in Maces & Flails
  1000 | D:2      | Reached skill level 1 in Polearms
  1000 | D:2      | Reached skill level 1 in Staves
  1000 | D:2      | Reached skill level 1 in Slings
  1000 | D:2      | Reached skill level 1 in Bows
  1000 | D:2      | Reached skill level 1 in Crossbows
  1000 | D:2      | Reached skill level 1 in Throwing
  1000 | D:2      | Reached skill level 1 in Armour
  1000 | D:2      | Reached skill level 1 in Shields
  1000 | D:2      | Reached skill level 1 in Unarmed Combat
  1000 | D:2      | Reached skill level 1 in Evocations
  1082 | D:2      | Reached XP level 4. HP: 32/32 MP: 11/11
  1460 | D:3      | Noticed a gnoll sergeant
  1469 | D:3      | Killed a gnoll sergeant
  1470 | D:3      | Reached skill level 1 in Hexes
  1470 | D:3      | Reached skill level 1 in Charms
  1470 | D:3      | Reached skill level 1 in Summonings
  1470 | D:3      | Reached skill level 1 in Necromancy
  1470 | D:3      | Reached skill level 1 in Translocations
  1470 | D:3      | Reached skill level 1 in Transmutations
  1470 | D:3      | Reached skill level 1 in Fire Magic
  1470 | D:3      | Reached skill level 1 in Air Magic
  1470 | D:3      | Reached skill level 1 in Earth Magic
  1470 | D:3      | Reached skill level 1 in Poison Magic
  1470 | D:3      | Reached XP level 5. HP: 28/37 MP: 7/12
  1614 | D:3      | Reached * piety under Okawaru
  1852 | D:3      | Reached XP level 6. HP: 44/44 MP: 13/13
  1921 | D:3      | Found a stormy altar of Qazlal.
  2213 | D:4      | Noticed a phantom
  2369 | D:4      | Reached skill level 5 in Dodging
  2369 | D:4      | Reached skill level 5 in Stealth
  2751 | D:4      | Reached XP level 7. HP: 50/50 MP: 15/15
  3186 | D:4      | Reached ** piety under Okawaru
  3387 | D:5      | Entered Level 5 of the Dungeon
  3390 | D:5      | Found a staircase to the Ecumenical Temple.
  3704 | D:5      | Found Kighaid's General Store.
  3715 | D:5      | Noticed Pikel
  3744 | Temple   | Entered the Ecumenical Temple
  3761 | Temple   | Reached XP level 8. HP: 23/57 MP: 16/16
  4137 | D:5      | Killed Pikel
  4137 | D:5      | Reached *** piety under Okawaru
  4144 | D:5      | Reached XP level 9. HP: 43/65 MP: 10/18
  4785 | D:6      | Noticed Duvessa
  4786 | D:6      | Noticed Dowan
  4795 | D:6      | Noticed Eustachio
  4798 | D:6      | Killed Duvessa
  4798 | D:6      | Reached **** piety under Okawaru
  4821 | D:6      | Killed Eustachio
  5069 | D:6      | Killed Dowan
  5198 | D:6      | Noticed Blork the orc
  5214 | D:6      | Killed Blork the orc
  5584 | D:6      | Reached skill level 5 in Invocations
  5868 | D:7      | Found Owacet's Jewellery Boutique.
  5887 | D:7      | Reached XP level 10. HP: 70/73 MP: 20/20
  5893 | D:7      | Found Bucedaru's Antique Weapon Emporium.
  6062 | D:7      | Bought an uncursed ring of protection from fire for 300
                  | gold pieces
  6538 | D:7      | Reached skill level 5 in Fighting
  6538 | D:7      | Reached skill level 5 in Short Blades
  6538 | D:7      | Reached skill level 5 in Long Blades
  6538 | D:7      | Reached skill level 5 in Axes
  6538 | D:7      | Reached skill level 5 in Maces & Flails
  6538 | D:7      | Reached skill level 5 in Polearms
  6538 | D:7      | Reached skill level 5 in Staves
  6538 | D:7      | Reached skill level 5 in Slings
  6538 | D:7      | Reached skill level 5 in Bows
  6538 | D:7      | Reached skill level 5 in Crossbows
  6538 | D:7      | Reached skill level 5 in Throwing
  6538 | D:7      | Reached skill level 5 in Armour
  6538 | D:7      | Reached skill level 5 in Shields
  6538 | D:7      | Reached skill level 5 in Unarmed Combat
  6538 | D:7      | Reached skill level 5 in Evocations
  6539 | D:7      | Received a gift from Okawaru
  6917 | D:8      | Found a staircase to the Orcish Mines.
  7022 | D:8      | Reached ***** piety under Okawaru
  7099 | D:8      | Reached skill level 5 in Conjurations
  7335 | D:8      | Received a gift from Okawaru
  7399 | D:8      | Found a glowing silver altar of Zin.
  7403 | D:8      | Found a sand-covered staircase.
  7411 | Ossuary  | Entered an ossuary
  7623 | Ossuary  | Reached XP level 11. HP: 81/81 MP: 22/22
  7990 | D:8      | Noticed a manticore
  7994 | D:8      | Killed a manticore
  8160 | D:8      | Learned a level 2 spell: Throw Frost
  8165 | D:8      | Learned a level 4 spell: Throw Icicle
  8169 | D:8      | Learned a level 3 spell: Ozocubu's Armour
  8174 | D:8      | Learned a level 4 spell: Summon Ice Beast
  8269 | D:9      | Found a stormy altar of Qazlal.
  8457 | D:9      | Noticed a cyan ugly thing
  8489 | D:8      | Killed a cyan ugly thing
  8578 | D:9      | Reached skill level 5 in Hexes
  8578 | D:9      | Reached skill level 5 in Charms
  8578 | D:9      | Reached skill level 5 in Summonings
  8578 | D:9      | Reached skill level 5 in Necromancy
  8578 | D:9      | Reached skill level 5 in Translocations
  8578 | D:9      | Reached skill level 5 in Transmutations
  8578 | D:9      | Reached skill level 5 in Fire Magic
  8578 | D:9      | Reached skill level 5 in Air Magic
  8578 | D:9      | Reached skill level 5 in Earth Magic
  8578 | D:9      | Reached skill level 5 in Poison Magic
  8702 | D:9      | Reached ****** piety under Okawaru
  8726 | D:9      | Received a gift from Okawaru
  8909 | D:9      | Found a staircase to the Lair.
  9495 | D:9      | Found a roughly hewn altar of Beogh.
  9568 | D:9      | Found a radiant altar of Vehumet.
  9682 | Lair:1   | Entered Level 1 of the Lair of Beasts
  9686 | Lair:1   | Got a steaming leather armour
  9687 | Lair:1   | Identified the cursed +0 leather armour of Weirdness
                  | {Str+2} (You found it on level 1 of the Lair of Beasts)
  9779 | Lair:1   | Noticed Gastronok
  9803 | Lair:1   | Slain by Gastronok

Skill      XL: |  1  2  3  4  5  6  7  8  9 10 11 |
---------------+----------------------------------+-----
Conjurations   | 2 3 4 5 |  5.8
Spellcasting   | 5 6 7 8 |  8.3
Invocations    | 1 2 3 4 5 6 7 |  7.1
Fighting       | 1 2 3 4 5 6 |  6.5
Short Blades   | 1 2 3 4 5 6 |  6.5
Long Blades    | 1 2 3 4 5 6 |  6.5
Axes           | 1 2 3 4 5 6 |  6.5
Maces & Flails | 1 2 3 4 5 6 |  6.5
Polearms       | 1 2 3 4 5 6 |  6.5
Staves         | 1 2 3 4 5 6 |  6.5
Slings         | 1 2 3 4 5 6 |  6.5
Bows           | 1 2 3 4 5 6 |  6.5
Crossbows      | 1 2 3 4 5 6 |  6.5
Throwing       | 1 2 3 4 5 6 |  6.5
Armour         | 1 2 3 4 5 6 |  6.5
Shields        | 1 2 3 4 5 6 |  6.5
Unarmed Combat | 1 2 3 4 5 6 |  6.5
Evocations     | 1 2 3 4 5 6 |  6.5
Hexes          | 1 2 3 4 5 |  5.3
Charms         | 1 2 3 4 5 |  5.3
Summonings     | 1 2 3 4 5 |  5.3
Necromancy     | 1 2 3 4 5 |  5.3
Translocations | 1 2 3 4 5 |  5.3
Transmutations | 1 2 3 4 5 |  5.3
Fire Magic     | 1 2 3 4 5 |  5.3
Air Magic      | 1 2 3 4 5 |  5.3
Earth Magic    | 1 2 3 4 5 |  5.3
Poison Magic   | 1 2 3 4 5 |  5.3
Dodging        | 5 6 7 8 |  8.0
Stealth        | 5 6 7 8 |  8.0
Ice Magic      | 6 7 |  7.8

Action                   |  1- 3 |  4- 6 |  7- 9 | 10-12 || total
-------------------------+-------+-------+-------+-------++-------
Melee: Unarmed           |     2 |       |       |       ||     2
       Dagger            |    80 |   141 |   281 |   745 ||  1247
       Bite              |     3 |    12 |    44 |   112 ||   171
       Punch             |     2 |       |    14 |    33 ||    49
       Long sword        |       |       |    16 |       ||    16
 Fire: Longbow           |       |       |       |     4 ||     4
Throw: Stone             |       |       |       |     4 ||     4
 Cast: Freeze            |    30 |    12 |    99 |    75 ||   216
  Use: Scroll            |     4 |     2 |       |    11 ||    17
       Potion            |       |       |       |     4 ||     4
 Stab: Sleeping          |     7 |     6 |     3 |    22 ||    38
       Distracted        |       |       |       |     1 ||     1
  Eat: Chunk             |     3 |     8 |    18 |    27 ||    56
Armor: Robe              |    38 |    37 |    97 |    81 ||   253
       Troll leather arm |       |       |       |   106 ||   106
Dodge: Dodged            |    80 |    87 |   323 |   559 ||  1049
